 Dungeon Sprint DCSS version 0.16-a0-3803-gd4b2de5 (console) character file.

18165 Monkaria the Fencer (level 12, -26/127 HPs)
             Began as a Hill Orc Fighter on Jan 26, 2015.
             Was a High Priest of Makhleb.
             Killed from afar by a blizzard demon (53 damage)
             ... with a bolt of cold
             ... summoned by the player character
             ... woven by Mara
             ... in the Dungeon (Sprint IX: "|||||||||||||||||||||||||||||").
             The game lasted 00:17:25 (4879 turns).

Monkaria the Fencer (Hill Orc Fighter)              Turns: 4879, Time: 00:17:26

Health: -26/127    AC: 28    Str: 25    XL:     12   Next: 55%
Magic:  29/29      EV: 11    Int:  8    God:    Makhleb [*****.]
Gold:   1625       SH:  0    Dex: 10    Spells: 0 memorised, 11 levels left

rFire  . . .     SeeInvis .     K - +6 triple sword (elec)
rCold  . . .     Clarity  .     k - +0 plate armour
rNeg   . . .     SustAb   .     (no shield)
rPois  .         Gourm    .     b - +0 helmet
rElec  .         Spirit   .     F - +2 cloak
rCorr  .         Warding  .     q - +0 pair of gloves
rMut   .         NoTele   +     c - +2 pair of boots
MR     .....                    (no amulet)
Stlth  ..........               t - +2 ring of protection
                                s - +3 ring of strength

@: very slightly contaminated, not resistant to hostile enchantments, extremely
unstealthy
A: weak 1
a: Minor Destruction, Lesser Servant of Makhleb, Major Destruction, Greater
Servant of Makhleb, Renounce Religion


You were in the Dungeon.
You worshipped Makhleb.
Makhleb was extremely pleased with you.
You were not hungry.

You visited 1 branch You collected 1767 gold pieces.
You spent 142 gold pieces at shops.

Inventory:

Hand weapons
 K - a +6 triple sword of electrocution (weapon)
Missiles
 y - 5 steel tomahawks (quivered)
Armour
 b - a +0 helmet (worn)
 c - a +2 pair of boots (worn)
 k - a +0 plate armour (worn)
 p - a +1 large shield
 q - a +0 pair of gloves (worn)
 F - a +2 cloak (worn)
 L - a +0 mottled dragon armour
Jewellery
 s - a +3 ring of strength (left hand)
 t - a +2 ring of protection (right hand)
 G - an uncursed ring of protection from magic
 H - an uncursed ring of protection from magic
 I - an uncursed ring of protection from fire
 J - an uncursed ring of poison resistance
Magical devices
 o - a wand of draining (3)
 v - a wand of frost (9)
 E - a wand of flame (16)
Scrolls
 m - 3 scrolls of remove curse
 n - 2 scrolls of amnesia
 r - a scroll of recharging
 w - 2 scrolls of identify
 z - a scroll of fear
Potions
 e - 2 potions of might
 f - 3 potions of curing
 h - a potion of haste
 i - 4 potions of magic
 j - 3 potions of berserk rage
 l - a potion of invisibility
 u - 2 potions of cure mutation
 C - a potion of flight
 M - 4 potions of heal wounds
 N - a potion of resistance
Comestibles
 a - 13 meat rations
 d - 40 fruits
 g - 12 bread rations
 x - 4 chunks of flesh


   Skills:
 - Level 18.0 Fighting
 - Level 18.2 Long Blades
 - Level 14.0 Armour
 + Level 10.6 Dodging
 - Level 3.2 Shields
 - Level 15.1 Invocations


You had 11 spell levels left.
You didn't know any spells.

Dungeon Overview and Level Annotations

Branches:
Dungeon (1/1)

Altars:
Cheibriados
Dithmenos
Elyvilon
Fedhas
Gozag
Kikubaaqudgha
Makhleb
Nemelex Xobeh
Okawaru
Qazlal
Ru
Sif Muna
Trog
Vehumet
Xom
Yredelemnul
Zin
The Shining One
Beogh
Jiyva
Lugonu

Shops:
D (%*:

Annotations:
D Mara


Innate Abilities, Weirdness & Mutations

You are weak. (Str -2)


Message History

Mara appears out of thin air!
Mara blinks!
What do you say? t - Shout!
Orders for allies: a - Attack new target. r - Retreat! s - Stop attacking. w - Wait here. f - Follow me.
Anything else - Stay silent.
Gang up on whom?
Press: ? - help, Dir - move target cursor, f - Mara
Aim: Mara, wielding a demon blade of electrocution and wearing a robe (almost dead) Attack!
Mara gestures.
Mara seems to draw the blizzard demon out of itself!
You slash Mara!
Mara is almost dead.
The blizzard demon gestures at you.
The bolt of cold hits your blizzard demon.
Your blizzard demon resists.
The bolt of cold hits you!
You die...

...[.).((.((.(.........▓
▓▓▓▓▓▓▓▓▓▓▓▓▓▓▓▓▓▓▓▓▓▓▓▓
.∩.∩)∩)∩.....'.........▓
▓▓▓▓▓▓▓▓▓▓▓▓▓▓▓▓▓▓▓▓▓▓.▓
.......................▓
▓▓▓▓▓▓▓▓▓▓▓▓▓▓▓▓▓▓▓▓▓▓▓▓
)))..........'.........▓
▓▓▓▓▓▓▓▓▓▓▓▓▓▓▓▓▓▓▓▓▓▓.▓
..@......@.22...@R.....▓
▓▓▓▓▓▓▓▓▓▓▓▓▓▓▓▓▓▓▓▓▓▓▓▓


You could see Mara, a blizzard demon, Monkaria's illusion and a friendly
blizzard demon.

Vanquished Creatures
  An ettin (D)
  A fire dragon (D)
  A centaur warrior (D)
  4 death yaks (D)
  2 orc high priests (D)
  3 catoblepae (D)
  2 orc knights (D)
  4 orc sorcerers (D)
  A black mamba (D)
  2 spiny frogs (D)
  Maurice (D)
  An orange demon (D)
  A gargoyle (D)
  A komodo dragon (D)
  A hellwing (D)
  A blink frog (D)
  A polar bear (D)
  A basilisk (D)
  A yak (D)
  3 orc zombies (D)
  A hippogriff (D)
  Eustachio (D)
  A water moccasin (D)
  An ice beast (D)
  10 orc warriors (D)
  A centaur (D)
  A boring beetle (D)
  2 crocodiles (D)
  2 ogres (D)
  A giant frog (D)
  A killer bee (D)
  6 orc priests (D)
  A hound (D)
  2 iguanas (D)
  3 orc wizards (D)
  An adder (D)
  A white imp (D)
  9 orcs (D)
  A bat skeleton (D)
  2 hobgoblins (D)
  A quokka (D)
  3 bats (D)
  A giant cockroach zombie (D)
  A giant spore (D)
  A jackal zombie (D)
  A kobold (D)
  3 rats (D)
92 creatures vanquished.

Vanquished Creatures (collateral kills)
  Louise (D)
  A vampire knight (D)
  A player illusion (D)
  A fire dragon (D)
  2 hydras (D)
  A deep troll shaman (D)
  A death yak (D)
  A gargoyle (D)
  A yaktaur (D)
  A two-headed ogre (D)
  A basilisk (D)
  A yak (D)
  An orc warrior (D)
  A shadow imp (D)
15 creatures vanquished.

Vanquished Creatures (others)
  4 Executioners (D)
  A cacodemon (D)
  3 blizzard demons (D)
  A green death (D)
  An unseen horror (D)
  3 orcs (D)
  An orc zombie (D)
  A ballistomycete (D)
  A plant (D)
16 creatures vanquished.

Grand Total: 123 creatures vanquished

Notes
Turn   | Place    | Note
--------------------------------------------------------------
     0 | D        | Monkaria, the Hill Orc Fighter, began the quest for the Orb.
     0 | D        | Reached XP level 1. HP: 19/19 MP: 1/1
    10 | D        | Reached skill level 4 in Fighting
    67 | D        | Noticed a centaur
    69 | D        | Reached XP level 2. HP: 25/28 MP: 2/2
    83 | D        | Killed a centaur
    83 | D        | Reached skill level 7 in Fighting
    83 | D        | Reached skill level 8 in Long Blades
    83 | D        | Reached XP level 3. HP: 8/39 MP: 3/3
    83 | D        | Reached XP level 4. HP: 9/47 MP: 4/4
    93 | D        | Found a glowing silver altar of Zin.
    93 | D        | Found a glowing golden altar of the Shining One.
    93 | D        | Found an ancient bone altar of Kikubaaqudgha.
    93 | D        | Found a basalt altar of Yredelemnul.
    93 | D        | Found a shimmering altar of Xom.
    93 | D        | Found a radiant altar of Vehumet.
    93 | D        | Found an iron altar of Okawaru.
    94 | D        | Found a burning altar of Makhleb.
    95 | D        | Found a deep blue altar of Sif Muna.
    96 | D        | Found a bloodstained altar of Trog.
    97 | D        | Found a sparkling altar of Nemelex Xobeh.
    98 | D        | Found a white marble altar of Elyvilon.
    99 | D        | Found a roughly hewn altar of Beogh.
   100 | D        | Found a viscous altar of Jiyva.
   101 | D        | Found a corrupted altar of Lugonu.
   102 | D        | Found a blossoming altar of Fedhas.
   103 | D        | Became a worshipper of Makhleb the Destroyer
   104 | D        | Found a snail-covered altar of Cheibriados.
   105 | D        | Found a shadowy altar of Dithmenos.
   106 | D        | Found a stormy altar of Qazlal.
   107 | D        | Found an opulent altar of Gozag.
   108 | D        | Found a sacrificial altar of Ru.
   334 | D        | Noticed a hippogriff
   334 | D        | Noticed a killer bee
   334 | D        | Noticed an ogre
   338 | D        | Acquired Makhleb's first power
   348 | D        | Killed a hippogriff
   348 | D        | Reached skill level 9 in Fighting
   348 | D        | Reached skill level 10 in Long Blades
   348 | D        | Reached XP level 5. HP: 29/57 MP: 5/5
   348 | D        | Reached XP level 6. HP: 32/63 MP: 6/6
   350 | D        | Killed a killer bee
   350 | D        | Reached skill level 11 in Long Blades
   356 | D        | Acquired Makhleb's second power
   360 | D        | Killed an ogre
   360 | D        | Reached skill level 10 in Fighting
   360 | D        | Reached skill level 12 in Long Blades
   505 | D        | Noticed an ogre
   505 | D        | Noticed a centaur warrior
   505 | D        | Noticed an orc wizard
   505 | D        | Noticed an ice beast
   507 | D        | Killed an ogre
   507 | D        | Reached XP level 7. HP: 71/73 MP: 7/7
   513 | D        | Killed an unseen horror
   515 | D        | Killed a centaur warrior
   515 | D        | Acquired Makhleb's third power
   515 | D        | Reached skill level 14 in Long Blades
   517 | D        | Killed an orc wizard
   523 | D        | Killed an ice beast
   523 | D        | Reached XP level 8. HP: 70/83 MP: 8/8
   685 | D        | Noticed a spiny frog
   685 | D        | Noticed a crocodile
   685 | D        | Noticed a hound
   685 | D        | Noticed a basilisk
   685 | D        | Noticed a blink frog
   685 | D        | Noticed an iguana
   685 | D        | Noticed a polar bear
   691 | D        | Noticed a spiny frog
   691 | D        | Killed a spiny frog
   691 | D        | Acquired Makhleb's fourth power
   698 | D        | Killed a crocodile
   708 | D        | Killed a blink frog
   726 | D        | Killed a hound
  1186 | D        | Killed a polar bear
  1186 | D        | Acquired Makhleb's fifth power
  1186 | D        | Reached XP level 9. HP: 30/90 MP: 21/24
  1430 | D        | Killed an iguana
  1485 | D        | Killed a basilisk
  1535 | D        | Killed a spiny frog
  1625 | D        | Noticed a boring beetle
  1647 | D        | Killed a boring beetle
  1647 | D        | Reached skill level 15 in Invocations
  1690 | D        | Noticed an iguana
  1690 | D        | Noticed a death yak
  1690 | D        | Noticed a crocodile
  1690 | D        | Noticed a giant frog
  1690 | D        | Noticed a water moccasin
  1690 | D        | Noticed a black mamba
  1693 | D        | Killed an iguana
  1694 | D        | Noticed a komodo dragon
  1700 | D        | Noticed a five-headed hydra
  1706 | D        | Killed a death yak
  1706 | D        | Reached skill level 16 in Long Blades
  1709 | D        | Killed a crocodile
  1710 | D        | Killed a giant frog
  1720 | D        | Killed a black mamba
  1720 | D        | Reached skill level 17 in Long Blades
  1720 | D        | Reached XP level 10. HP: 64/97 MP: 27/27
  1723 | D        | Killed a water moccasin
  1727 | D        | Killed a komodo dragon
  1743 | D        | Killed a seven-headed hydra
  1743 | D        | Reached skill level 18 in Long Blades
  1929 | D        | Noticed a yak
  1929 | D        | Noticed a death yak
  1929 | D        | Noticed a catoblepas
  1929 | D        | Noticed a death yak
  1929 | D        | Noticed a death yak
  1929 | D        | Noticed a catoblepas
  1929 | D        | Noticed a death yak
  1931 | D        | Killed a yak
  1934 | D        | Killed a death yak
  2051 | D        | Noticed a yak
  2103 | D        | Killed a catoblepas
  2116 | D        | Killed a death yak
  2116 | D        | Reached skill level 10 in Armour
  2412 | D        | Killed a yak
  2414 | D        | Killed a death yak
  2414 | D        | Reached XP level 11. HP: 104/104 MP: 28/28
  2438 | D        | Killed a death yak
  2480 | D        | Killed a catoblepas
  2784 | D        | Noticed Eustachio
  2803 | D        | Killed Eustachio
  2857 | D        | Noticed Maurice
  2873 | D        | Killed Maurice
  2915 | D        | Noticed an orc priest
  2915 | D        | Noticed an orc warrior
  2915 | D        | Noticed an orc wizard
  2915 | D        | Noticed an orc priest
  2915 | D        | Noticed an orc priest
  2926 | D        | Killed an orc warrior
  2929 | D        | Killed an orc priest
  2930 | D        | Killed an orc wizard
  2934 | D        | Noticed an orc priest
  2936 | D        | Noticed an orc warrior
  2938 | D        | Killed an orc priest
  2939 | D        | Noticed an orc priest
  2943 | D        | Killed an orc priest
  2947 | D        | Killed an orc warrior
  2955 | D        | Killed an orc priest
  2958 | D        | Killed an orc priest
  3243 | D        | Noticed an orc warrior
  3243 | D        | Noticed an orc warrior
  3243 | D        | Noticed an orc warrior
  3243 | D        | Noticed an orc warrior
  3243 | D        | Noticed an orc wizard
  3243 | D        | Noticed an orc warrior
  3243 | D        | Noticed an orc priest
  3245 | D        | Noticed an orc sorcerer
  3254 | D        | Killed an orc warrior
  3257 | D        | Noticed an orc warrior
  3263 | D        | Killed an orc warrior
  3268 | D        | Noticed an orc knight
  3269 | D        | Paralysed by an orc sorcerer for 3 turns
  3272 | D        | Gained mutation: You are weak. (Str -2) [a neqoxec]
  3307 | D        | Killed an orc sorcerer
  3580 | D        | Killed an orc warrior
  3583 | D        | Killed an orc warrior
  3636 | D        | Killed an orc warrior
  3786 | D        | Killed an orc wizard
  3822 | D        | Killed an orc knight
  3822 | D        | Reached skill level 15 in Fighting
  3829 | D        | Killed an orc warrior
  3874 | D        | Killed an orc priest
  3905 | D        | Noticed an orc warrior
  3912 | D        | Killed an orc warrior
  3929 | D        | Noticed an orc warrior
  3935 | D        | Killed an orc warrior
  3976 | D        | Found Wazowunu's Antique Weapon Emporium.
  3976 | D        | Noticed an orc high priest
  3976 | D        | Noticed an orc sorcerer
  3976 | D        | Noticed an orc sorcerer
  3979 | D        | Noticed an orc knight
  3987 | D        | Noticed a soul eater
  3989 | D        | Killed an orc high priest
  3990 | D        | Found Kioc's Food Shoppe.
  3993 | D        | Killed an orc sorcerer
  4007 | D        | Killed an orc sorcerer
  4016 | D        | Killed an orc knight
  4096 | D        | Found Qibis' Assorted Antiques.
  4100 | D        | Found Okutto Guja's Book Shoppe.
  4105 | D        | Noticed an orc high priest
  4106 | D        | Noticed an orc sorcerer
  4112 | D        | Killed an orc high priest
  4124 | D        | Paralysed by an orc sorcerer for 6 turns
  4129 | D        | Noticed a soul eater
  4145 | D        | Killed an orc sorcerer
  4145 | D        | Reached XP level 12. HP: 110/127 MP: 29/29
  4161 | D        | Bought a scroll of blinking for 142 gold pieces
  4420 | D        | Noticed a gargoyle
  4420 | D        | Noticed an eight-headed hydra
  4420 | D        | Noticed an orc warrior
  4420 | D        | Noticed a basilisk
  4420 | D        | Noticed a two-headed ogre
  4422 | D        | Killed a gargoyle
  4426 | D        | Noticed a gargoyle
  4428 | D        | Killed a ten-headed hydra
  4428 | D        | Reached skill level 5 in Dodging
  4430 | D        | Killed an orc warrior
  4432 | D        | Killed a basilisk
  4433 | D        | Killed a two-headed ogre
  4434 | D        | Noticed a fire dragon
  4435 | D        | Noticed a yaktaur
  4435 | D        | Killed a gargoyle
  4437 | D        | Killed a fire dragon
  4438 | D        | Noticed an ettin
  4438 | D        | Killed a yaktaur
  4441 | D        | Noticed a fire dragon
  4452 | D        | Noticed a catoblepas
  4453 | D        | Noticed a deep troll shaman
  4468 | D        | Killed an ettin
  4668 | D        | Killed a fire dragon
  4681 | D        | Noticed a vampire knight
  4702 | D        | Killed a catoblepas
  4703 | D        | Killed a vampire knight
  4704 | D        | Killed a deep troll shaman
  4704 | D        | Reached skill level 10 in Dodging
  4797 | D        | Noticed Louise
  4803 | D        | Killed Louise
  4816 | D        | Noticed Mara
  4817 | D        | Noticed Monkaria's illusion
  4840 | D        | Killed Monkaria's illusion
  4847 | D        | Noticed Monkaria's illusion
  4879 | D        | Killed from afar by a blizzard demon

Action                   |  1- 3 |  4- 6 |  7- 9 | 10-12 || total
-------------------------+-------+-------+-------+-------++-------
Melee: Long sword        |    27 |     3 |       |       ||    30
       Scimitar          |       |    25 |   113 |   258 ||   396
       Triple sword      |       |       |       |    24 ||    24
Invok: Greater Servant o |       |       |       |    11 ||    11
Evoke: Wand              |       |     1 |       |    14 ||    15
  Use: Potion            |       |     1 |       |     6 ||     7
       Scroll            |       |       |     1 |    12 ||    13
 Stab: Petrified         |       |       |       |     2 ||     2
       Petrifying        |       |       |       |     1 ||     1
  Eat: Chunk             |       |       |     2 |     8 ||    10
       Meat ration       |       |       |       |     1 ||     1
